 Dungeon Crawl Stone Soup version 0.31-a0-232-gb1c03b2570 (webtiles) character file.

Game seed: 8427100304585741630

44 qw the Shooter (level 3, -2/29 HPs)
             Began as a Minotaur Hexslinger on July 7, 2023.
             Slain by a goblin
             ... wielding a +0 dagger
             ... led by Robin
              (6 damage)
             ... on level 2 of the Dungeon.
             The game lasted 00:00:19 (510 turns).

qw the Shooter (Minotaur Hexslinger)                 Turns: 510, Time: 00:00:20

Health: -2/29      AC:  2    Str: 12    XL:     3   Next: 41%
Magic:  3/3        EV: 12    Int: 10    God:
Gold:   49         SH:  0    Dex: 14    Spells: 3/4 levels left

rFire   . . .        Y - +1 sling
rCold   . . .        (no shield)
rNeg    . . .        c - +0 robe
rPois   .            (helmet restricted)
rElec   .            (no cloak)
rCorr   .            (no gloves)
SInv    .            (no boots)
Will    .....        (no amulet)
Stlth   +            (no ring)
HPRegen 0.24/turn    (no ring)
MPRegen 0.08/turn

%: no passive effects
@: no status effects
A: horns 2, retaliatory headbutt
a: no special abilities


You were on level 2 of the Dungeon.
You visited 1 branch of the dungeon, and saw 2 of its levels.

You collected 49 gold pieces.


Innate Abilities, Weirdness & Mutations

You have a pair of horns on your head.
You reflexively headbutt those who attack you in melee.


   Skills:
 - Level 2.1 Fighting
 + Level 3.9 Ranged Weapons
 - Level 2.1 Dodging
 - Level 1.0 Spellcasting
 - Level 2.0 Hexes


You had 3 spell levels left.
You knew the following spells:

 Your Spells              Type           Power      Damage    Failure   Level
a - Slow                  Hex            16%        N/A       16%         1

Your spell library contained the following spells:

 Spells                   Type           Power      Damage    Failure   Level
 Inner Flame              Hex/Fire       2%         N/A       56%         3
 Portal Projectile        Hex/Tloc       4%         N/A       56%         3
 Cause Fear               Hex            2%         N/A       83%         4

Inventory:

Hand Weapons
 Y - a +1 sling (weapon)
Armour
 c - a +0 robe (worn)
Potions
 a - 2 potions of enlightenment {unknown}
 e - a potion of lignification {unknown}

Dungeon Overview and Level Annotations

Branches:
Dungeon (2/15)

Altars:
Gozag

Annotations:
D:2 Robin


Message History

You shoot a sling bullet.
The sling bullet barely misses the goblin.
The goblin closely misses you.
You shoot a sling bullet. The sling bullet hits the goblin.
You kill the goblin!
You hear a shout!
A goblin comes into view. It is wielding a +0 dagger.
You shoot a sling bullet. The sling bullet hits Robin.
Robin is lightly wounded.
Robin closely misses you. You furiously retaliate!
You headbutt Robin. You shoot a sling bullet. The sling bullet hits Robin.
Robin is heavily wounded.
Robin hits you with a +0 short sword.
You shoot a sling bullet. The sling bullet barely misses Robin.
The sling bullet hits the rat but does no damage.
A goblin comes into view. It is wielding a +0 club.
The goblin hits you with a +0 dagger. Robin hits you but does no damage.
You shoot a sling bullet. The sling bullet hits Robin.
Robin is heavily wounded.
You hear a shout!
A goblin comes into view. It is wielding a +0 dagger.
Robin throws the goblin at you! The goblin barely misses you.
You shoot a sling bullet. The sling bullet closely misses Robin.
Robin hits you with a +0 short sword. The goblin hits you with a +0 dagger.
You shoot a sling bullet. The sling bullet hits Robin.
Robin is almost dead.
The rat barely misses you. You furiously retaliate!
You headbutt the rat!
You kill the rat!
Robin closely misses you. You furiously retaliate!
You headbutt Robin. The goblin misses you. You furiously retaliate!
You headbutt the goblin.
You kill the goblin!
You shoot a sling bullet. The sling bullet closely misses Robin.
Robin roars a battlecry!
The goblins go into a battle-frenzy!
You shoot a sling bullet.
The sling bullet hits Robin but does no damage.
Robin is almost dead.
Robin hits you but does no damage. The goblin hits you with a +0 club.
The goblin closely misses you. The goblin hits you with a +0 dagger.
You die...

## .. .# ########### .#
..........# .#
###.#####.# .#
..........#######.#####.
...............g@g......
...._.....######g#######
.......#### #.).
#......# ###)# ..######
)# ### . ##


You could see Robin and 2 goblins.

Vanquished Creatures
  2 dart slugs (D:1)
  5 ball pythons (D:1)
  3 endoplasms (D:1)
  2 giant cockroaches (D:1)
  11 goblins
  3 hobgoblins
  2 kobolds (D:1)
  A bat (D:1)
  2 frilled lizards (D:1)
  5 rats
36 creatures vanquished.

Notes
Turn   | Place    | Note
-------+----------+-------------------------------------------
     0 | D:1      | qw the Minotaur Hexslinger began the quest for the Orb.
     0 | D:1      | Reached XP level 1. HP: 16/16 MP: 1/1
     0 | D:1      | 0 ||| qw: Version: 0.3-a-46-gb1f654a
     0 | D:1      | 0 ||| qw: Game counter: 2421
     0 | D:1      | 0 ||| qw: Melee chars always use a shield: true
     0 | D:1      | 0 ||| qw: God list: Okawaru
     0 | D:1      | 0 ||| qw: Allow faded altars: false
     0 | D:1      | 0 ||| qw: Do Orc after clearing Dungeon:15 true
     0 | D:1      | 0 ||| qw: Do second Lair branch before Depths: true
     0 | D:1      | 0 ||| qw: Lair rune preference: random
     0 | D:1      | 0 ||| qw: Goals: Normal
     0 | D:1      | 0 ||| PLANNING D:1-11
    54 | D:1      | Reached skill level 3 in Ranged Weapons
    54 | D:1      | Reached XP level 2. HP: 23/23 MP: 2/2
   216 | D:1      | 216 ||| READING scroll labelled JEYPUDA JUTIDID.
   217 | D:1      | 217 ||| READING scroll labelled PAPIKH HYMOSARCH.
   249 | D:1      | Reached XP level 3. HP: 28/29 MP: 3/3
   430 | D:1      | Found a faded altar of an unknown god.
   433 | D:1      | 433 ||| DROPPING scroll of poison.
   457 | D:2      | Found an opulent altar of Gozag.
   499 | D:2      | Noticed Robin
   510 | D:2      | HP: 4/29 [goblin/+0 club[Robin] (5)]
   510 | D:2      | Slain by a goblin

Levels and vault maps discovered:
D:1:      dpeg_arrival_windows_large_door, layout_rooms,
          dreamdust_ecumenical_altar_sealed_demon, nrook_campfire,
          feat_on_display
D:2:      layout_loops_cross, basic_altar, uniq_robin

Skill      XL: |  1  2 |
---------------+-------+-----
Ranged Weapons | 3 |  3.9
Fighting       | 2 |  2.1
Dodging        | |  2.1
Spellcasting   | |  1.0
Hexes          | |  2.0

Action                     || total
---------------------------++-------
   Fire: Sling             ||    83
    Use: Scroll            ||     2
 Armour: Robe              ||     6
  Dodge: Dodged            ||    21

Table legend:
 A = Non-vault XP
 B = Vault XP
 C = Vault XP percentage of total XP
 D = Non-vault monster count
 E = Vault monster count
 F = Vault count percentage of total count
                 A         B        C        D         E       F
            +---------+---------+-------+---------+---------+-------
      Total |      48 |      16 |  25.0 |      27 |       9 |  25.0
            +---------+---------+-------+---------+---------+-------
        D:1 |      47 |       0 |   0.0 |      26 |       0 |   0.0
        D:2 |       1 |      16 |  94.1 |       1 |       9 |  90.0
            +---------+---------+-------+---------+---------+-------
